 Dungeon Crawl Stone Soup version 0.25-a0-681-gdf4e720 (webtiles) character file.

Game seed: 10051711381310726467, levelgen mode: deterministic

512 Faels the Sneak (level 7, 0/43 HPs)
             Began as a Kobold Assassin on Mar 30, 2020.
             Was a Follower of Okawaru.
             Succumbed to a scorpion's poison
             ... on level 4 of the Dungeon.
             The game lasted 00:12:57 (5209 turns).

Faels the Sneak (Kobold Assassin)                   Turns: 5209, Time: 00:12:58

Health: 0/43       AC: 10    Str:  9    XL:     7   Next: 43%
Magic:  7/7        EV: 16    Int: 13    God:    Okawaru [*.....]
Gold:   185        SH:  0    Dex: 17    Spells: 6/6 levels left

rFire    . . .     SeeInvis .   a - +2 dagger
rCold    . . .     Gourm    .   (shield restricted)
rNeg     . . .     Faith    .   D - +3 leather armour
rPois    .         Spirit   .   A - +2 hat
rElec    .         Reflect  .   c - +1 cloak
rCorr    .         Harm     .   (no gloves)
MR       .....                  (no boots)
Stlth    +++.......             (no amulet)
HPRegen  0.14/turn              (no ring)
MPRegen  0.10/turn              (no ring)

@: lethally poisoned (0 -> -1), very slightly contaminated, hasted, very quick
A: small, carnivore
a: Heroism, Renounce Religion


You were on level 4 of the Dungeon.
You worshipped Okawaru.
Okawaru was aware of your devotion.
You were very full.

You visited 1 branch of the dungeon, and saw 4 of its levels.

You collected 185 gold pieces.

Inventory:

Hand Weapons
 a - a +2 dagger (weapon)
 u - a +0 halberd
Missiles
 d - 7 poisoned darts (quivered)
 e - 2 curare-tipped darts
Armour
 b - a +0 robe
 c - a +1 cloak (worn)
 l - a +0 ring mail
 o - a +0 helmet
 w - a +0 chain mail
 A - a +2 hat (worn)
 D - a +3 leather armour (worn)
Jewellery
 r - an uncursed ring of magical power
 E - a cursed ring of fire
Wands
 y - a wand of disintegration (8)
 C - a wand of polymorph (15)
Scrolls
 h - 2 scrolls of enchant weapon
 q - 3 scrolls of remove curse
Comestibles
 f - 7 rations


   Skills:
 + Level 4.2 Fighting
 * Level 6.3 Short Blades
 - Level 3.1 Throwing
 + Level 4.1 Dodging
 + Level 6.5 Stealth


You had 6 spell levels left.
You didn't know any spells.
Your spell library was empty.

Dungeon Overview and Level Annotations

Branches:
Dungeon (4/15)
 Temple: D:4-7

Altars:
Kikubaaqudgha
Okawaru
Ru

Shops:
D:4 *

Annotations:
D:3 2 transporters, Caerwyn's ghost, amateur MfGl


Innate Abilities, Weirdness & Mutations

You are small and have problems with some larger weapons.
You are carnivorous and can eat meat at any time.


Message History

You assume a fearsome visage.
Nothing appears to happen.
It was a scroll of fear.
Your surroundings suddenly seem different.
Found 23 arrows.
Found two stone staircases leading down.
As you read the scroll labeled UJOAW QIONNUDOHE, it crumbles to dust.
It is a scroll of enchant armour.
Your +0 cloak glows green for a moment.
* * * LOW HITPOINT WARNING * * *
You feel sick.
As you read the scroll labeled MEBEVYI VUECEDE, it crumbles to dust.
It is a scroll of amnesia.
You feel forgetful for a moment.
There is a lethal amount of poison in your body!
There is a lethal amount of poison in your body!
* * * LOW HITPOINT WARNING * * *
You feel sick.
* * * LOW HITPOINT WARNING * * *
You feel sick.
You die...

***#######* *,,.......*
*,,.......* *,,.......*
*****,,.......*
,,,,,,,......(#####
,,,,,,,.........@.#
,,,,,,,.......###.#
,,,,,,,...>...,,,.#
******,>..##..***##
*,,##....#* *,***..##*
*,* *#.# **,* #.#
********* *
**,,*###$#######,,,,,,,*


There were no monsters in sight!

Vanquished Creatures
  A scorpion (D:4)
  2 orc priests (D:3)
  3 orc wizards
  Ijyb (D:3)
  Natasha (thrice) (D:3)
  2 worker ants
  Robin (D:2)
  A howler monkey zombie (D:4)
  3 gnolls (D:2)
  3 adders
  2 oozes (D:3)
  4 worms
  2 dart slugs
  4 leopard geckos
  9 orcs
  4 bats
  A giant cockroach (D:2)
  6 hobgoblins
  3 kobolds
  2 quokkas (D:3)
  4 frilled lizards
  14 goblins
  A leopard gecko skeleton (D:2)
  8 rats
84 creatures vanquished.

Notes
Turn   | Place    | Note
-------+----------+-------------------------------------------
     0 | D:1      | Faels the Kobold Assassin began the quest for the Orb.
     0 | D:1      | Reached XP level 1. HP: 12/12 MP: 1/1
    92 | D:1      | Reached XP level 2. HP: 11/18 MP: 2/2
   790 | D:1      | You fall into a shaft and drop 1 floor!
  1401 | D:2      | Reached XP level 3. HP: 22/22 MP: 3/3
  1949 | D:2      | Reached XP level 4. HP: 27/27 MP: 4/4
  2138 | D:2      | Found an ancient bone altar of Kikubaaqudgha,
  2574 | D:3      | Noticed Robin
  2766 | D:2      | Killed Robin
  2766 | D:2      | Reached XP level 5. HP: 27/32 MP: 5/5
  3494 | D:3      | Found a sacrificial altar of Ru,
  3605 | D:3      | Found an iron altar of Okawaru,
  3635 | D:3      | Became a worshipper of Warmaster Okawaru
  3663 | D:3      | Noticed Caerwyn's ghost (amateur MfGl)
  3675 | D:3      | Found a transporter,
  3707 | D:3      | Found a transporter,
  3843 | D:3      | Noticed Natasha
  3856 | D:3      | Killed Natasha
  3856 | D:3      | Reached XP level 6. HP: 37/37 MP: 6/6
  3874 | D:3      | Noticed Natasha
  3886 | D:3      | Killed Natasha
  3886 | D:3      | Reached skill level 5 in Short Blades
  4009 | D:3      | Noticed Ijyb
  4042 | D:3      | Killed Ijyb
  4263 | D:3      | Noticed Natasha
  4276 | D:3      | Killed Natasha
  4479 | D:4      | Found Luraph's General Store,
  4517 | D:4      | Reached XP level 7. HP: 42/42 MP: 7/7
  5173 | D:4      | Reached * piety under Okawaru
  5192 | D:4      | HP: 2/43 [poisoned by a scorpion]
  5197 | D:4      | HP: 1/43 [poisoned by a scorpion]
  5203 | D:4      | HP: 1/43 [poisoned by a scorpion]
  5209 | D:4      | Succumbed to a scorpion's poison

Levels and vault maps discovered:
D:1:      dpeg_arrival_simpleton_c, layout_basic
D:2:      layout_rooms, lemuel_doored_altar, serial_forest,
          infiniplex_forest_end_double, infiniplex_forest_clump_small,
          infiniplex_forest_clump_tiny, infiniplex_forest_straight_2,
          infiniplex_forest_end_2, infiniplex_forest_straight_4,
          infiniplex_forest_clump_cross, infiniplex_forest_lined_3,
          infiniplex_forest_clump_long
D:3:      layout_loops_ring, nicolae_overflow_crystal_walls, old_standard_altar,
          gammafunk_ghost_stat_death, uniq_ijyb, uniq_natasha, uniq_robin
D:4:      layout_rooms, serial_undead, serial_undead_f, serial_undead_e,
          serial_undead_b, serial_undead_d, serial_undead_c, serial_undead_c,
          serial_undead_e, serial_undead_e, serial_undead_d, serial_undead_d,
          first_ration, serial_shops, shop

Skill      XL: |  1  2  3  4  5  6  7 |
---------------+----------------------+-----
Short Blades   | 3 4 5 6 |  6.3
Dodging        | 2 3 4 |  4.1
Throwing       | 3 |  3.1
Fighting       | 3 4 |  4.2
Stealth        | 6 |  6.5

Action                   |  1- 3 |  4- 6 |  7- 9 || total
-------------------------+-------+-------+-------++-------
Melee: Dagger            |    96 |   297 |   112 ||   505
Throw: Dart              |    14 |    27 |     4 ||    45
Evoke: Wand              |       |     3 |       ||     3
  Use: Scroll            |       |     3 |     7 ||    10
       Potion            |       |       |     7 ||     7
 Stab: Sleeping          |     2 |     7 |     1 ||    10
  Eat: Chunk             |    11 |     9 |     1 ||    21
Armor: Robe              |    14 |       |       ||    14
       Ring mail         |     9 |    50 |       ||    59
       Leather armour    |       |    12 |    32 ||    44
Dodge: Dodged            |    69 |   141 |    44 ||   254

Table legend:
 A = Non-vault XP
 B = Vault XP
 C = Vault XP percentage of total XP
 D = Non-vault monster count
 E = Vault monster count
 F = Vault count percentage of total count
                 A         B        C        D         E       F
            +---------+---------+-------+---------+---------+-------
      Total |     609 |     123 |  16.8 |      69 |      15 |  17.9
            +---------+---------+-------+---------+---------+-------
        D:1 |      22 |       0 |   0.0 |      13 |       0 |   0.0
        D:2 |      80 |      22 |  21.6 |      17 |       4 |  19.0
        D:3 |     352 |      85 |  19.5 |      32 |      10 |  23.8
        D:4 |     155 |      16 |   9.4 |       7 |       1 |  12.5
            +---------+---------+-------+---------+---------+-------
